[ AOE2 MATCH · #478762436 ]
1v1 RMVietnamese vs Vietnamese
Player's team · LOSS
[ REPLAY ANALYSIS · EXTRACTED FROM THE RECORDED GAME ]
Feudal
9:03
Castle
22:22
Imperial
—
| APM avg | 33.5 |
| APM peak | 63 |
| eAPM avg | 16.3 |
| Villagers / military | 61 / 72 |
Focus
⚔️ 36.7% · 🌾 63.3%
Archer ×50 · Spearman ×18 · Mangonel ×2 · Monk ×1 · Battering Ram ×1
Feudal
—
Castle
—
Imperial
—
| APM avg | 34.5 |
| APM peak | 94 |
| eAPM avg | 13.5 |
| Villagers / military | 126 / 65 |
Focus
⚔️ 22.7% · 🌾 77.3%
Skirmisher ×49 · Knight ×7 · Trebuchet (Packed) ×4 · Mangonel ×2 · Scout Cavalry ×2 · Monk ×1
Match map
Initial resources + every placement click. Lines = walls · curves = elevation contours. ◆ gold · ⬟ stone · ● berries · ✦ relic · ◌ wall gap
Your base· ✓ Closed at 22:22 · 43t walls · 1 gate(s)
MovableStatue95's base· ✓ Closed at 17:00 · 55t walls · no gate
Smoothed initial terrain · ◌ = detected wall gap · hover for details
Inputs per minute
— TableChair123 - - MovableStatue95
Build order — TableChair123
First 150 of 266 actions detected
| 0:01 | Create | Villager (Male) |
| 0:01 | Create | Villager (Male) |
| 0:02 | Build | House |
| 0:04 | Build | House |
| 0:27 | Create | Villager (Male) |
| 0:27 | Create | Villager (Male) |
| 1:44 | Create | Villager (Male) |
| 1:50 | Build | Lumber Camp |
| 2:07 | Create | Villager (Male) |
| 2:34 | Create | Villager (Male) |
| 2:59 | Create | Villager (Male) |
| 2:59 | Create | Villager (Male) |
| 3:16 | Create | Villager (Male) |
| 3:20 | Build | House |
| 3:22 | Build | House |
| 3:45 | Create | Villager (Male) |
| 4:17 | Create | Villager (Male) |
| 4:35 | Create | Villager (Male) |
| 4:52 | Build | Mill |
| 5:07 | Create | Villager (Male) |
| 5:33 | Create | Villager (Male) |
| 5:39 | Research | Loom |
| 6:53 | Research | Feudal Age |
| 7:27 | Build | Mining Camp |
| 8:37 | Build | Barracks |
| 8:40 | Create | Villager (Male) |
| 8:41 | Create | Villager (Male) |
| 8:45 | Build | Palisade Wall |
| 8:50 | Build | Palisade Wall |
| 8:54 | Build | Palisade Wall |
| 8:55 | Build | Palisade Wall |
| 8:56 | Build | Palisade Wall |
| 9:03 | Age | Feudal Age |
| 9:05 | Build | Palisade Wall |
| 9:06 | Build | Palisade Wall |
| 9:07 | Build | Palisade Wall |
| 9:09 | Build | Palisade Wall |
| 9:19 | Research | Double-Bit Axe |
| 9:30 | Create | Villager (Male) |
| 9:47 | Build | Archery Range |
| 10:04 | Build | Farm |
| 10:08 | Create | Villager (Male) |
| 10:14 | Build | Palisade Wall |
| 10:23 | Build | Farm |
| 10:26 | Create | Villager (Male) |
| 10:42 | Build | House |
| 10:47 | Create | Archer |
| 10:50 | Create | Villager (Male) |
| 10:58 | Build | Palisade Wall |
| 11:03 | Build | Palisade Wall |
| 11:06 | Create | Archer |
| 11:12 | Build | Palisade Gate |
| 11:22 | Build | Palisade Wall |
| 11:25 | Create | Villager (Male) |
| 11:35 | Create | Villager (Male) |
| 11:38 | Build | Farm |
| 11:40 | Create | Archer |
| 11:53 | Create | Spearman |
| 12:07 | Create | Archer |
| 12:19 | Build | Farm |
| 12:23 | Create | Spearman |
| 12:28 | Build | Farm |
| 12:47 | Build | House |
| 12:50 | Create | Villager (Male) |
| 13:01 | Build | Mill |
| 13:09 | Create | Spearman |
| 13:16 | Create | Archer |
| 13:21 | Build | House |
| 13:26 | Research | Horse Collar |
| 13:33 | Create | Spearman |
| 13:43 | Create | Villager (Male) |
| 13:47 | Create | Spearman |
| 14:06 | Build | House |
| 14:09 | Build | Palisade Wall |
| 14:12 | Build | Palisade Wall |
| 14:19 | Create | Archer |
| 14:20 | Create | Villager (Male) |
| 14:21 | Create | Villager (Male) |
| 14:24 | Build | Farm |
| 14:27 | Build | Farm |
| 14:33 | Build | Farm |
| 14:46 | Build | Palisade Wall |
| 15:09 | Create | Archer |
| 15:11 | Create | Villager (Male) |
| 15:12 | Create | Villager (Male) |
| 15:14 | Build | Farm |
| 15:17 | Build | Farm |
| 15:38 | Build | Farm |
| 15:40 | Build | Farm |
| 15:42 | Create | Villager (Male) |
| 15:53 | Build | House |
| 16:15 | Build | Palisade Wall |
| 16:16 | Build | House |
| 16:22 | Create | Archer |
| 16:35 | Create | Villager (Male) |
| 16:36 | Create | Villager (Male) |
| 17:03 | Build | Farm |
| 17:05 | Create | Villager (Male) |
| 17:08 | Build | House |
| 17:16 | Create | Archer |
| 17:32 | Create | Villager (Male) |
| 18:03 | Build | House |
| 18:10 | Build | Palisade Wall |
| 18:33 | Create | Villager (Male) |
| 18:35 | Build | Market |
| 18:44 | Build | Blacksmith |
| 18:50 | Create | Archer |
| 19:04 | Create | Villager (Male) |
| 19:07 | Research | Gold Mining |
| 19:42 | Research | Castle Age |
| 19:49 | Build | Blacksmith |
| 20:20 | Create | Archer |
| 20:43 | Build | Archery Range |
| 20:47 | Research | Fletching |
| 20:59 | Build | House |
| 21:04 | Build | Farm |
| 21:06 | Create | Villager (Male) |
| 21:08 | Research | Padded Archer Armor |
| 21:23 | Build | Farm |
| 21:40 | Create | Archer |
| 21:44 | Build | House |
| 22:22 | Age | Castle Age |
| 22:23 | Build | Lumber Camp |
| 22:26 | Research | Bodkin Arrow |
| 22:27 | Research | Crossbowman (upgrade) |
| 22:31 | Create | Villager (Male) |
| 22:41 | Build | Palisade Gate |
| 23:13 | Research | Wheelbarrow |
| 23:20 | Research | Pikeman (upgrade) |
| 23:34 | Build | Palisade Gate |
| 23:37 | Create | Villager (Male) |
| 23:44 | Build | University |
| 23:52 | Research | Bow Saw |
| 23:54 | Create | Archer |
| 23:54 | Create | Archer |
| 23:54 | Create | Archer |
| 23:54 | Create | Archer |
| 24:08 | Build | House |
| 24:23 | Build | Palisade Gate |
| 24:24 | Create | Archer |
| 24:25 | Create | Archer |
| 24:29 | Create | Villager (Male) |
| 24:29 | Create | Villager (Male) |
| 25:03 | Research | Leather Archer Armor |
| 25:12 | Build | House |
| 25:22 | Build | House |
| 25:29 | Create | Villager (Male) |
| 25:43 | Create | Villager (Male) |
| 25:49 | Build | Palisade Wall |
| 25:51 | Build | Palisade Wall |
Build order — MovableStatue95
First 150 of 305 actions detected
| 0:01 | Create | Villager (Male) |
| 0:01 | Create | Villager (Male) |
| 0:02 | Create | Villager (Male) |
| 0:02 | Create | Villager (Male) |
| 0:03 | Build | House |
| 0:05 | Build | House |
| 1:27 | Create | Villager (Male) |
| 2:02 | Create | Villager (Male) |
| 2:02 | Create | Villager (Male) |
| 2:14 | Create | Villager (Male) |
| 2:28 | Build | Lumber Camp |
| 3:00 | Create | Villager (Male) |
| 3:07 | Build | House |
| 3:08 | Create | Villager (Male) |
| 3:55 | Create | Villager (Male) |
| 3:56 | Create | Villager (Male) |
| 4:00 | Create | Villager (Male) |
| 4:31 | Create | Villager (Male) |
| 4:56 | Build | Mill |
| 5:28 | Create | Villager (Male) |
| 5:49 | Create | Villager (Male) |
| 6:19 | Research | Loom |
| 6:43 | Research | Feudal Age |
| 7:46 | Build | House |
| 7:59 | Build | Barracks |
| 8:24 | Create | Villager (Male) |
| 9:03 | Build | Stable |
| 9:06 | Research | Double-Bit Axe |
| 9:16 | Create | Villager (Male) |
| 9:24 | Build | Palisade Wall |
| 9:28 | Build | Palisade Wall |
| 9:43 | Create | Villager (Male) |
| 9:48 | Build | House |
| 9:55 | Build | Palisade Wall |
| 10:00 | Build | Farm |
| 10:00 | Build | Farm |
| 10:06 | Create | Villager (Male) |
| 10:10 | Create | Scout Cavalry |
| 10:10 | Create | Scout Cavalry |
| 10:31 | Build | Palisade Wall |
| 10:37 | Build | Mill |
| 10:39 | Create | Villager (Male) |
| 11:12 | Create | Villager (Male) |
| 11:15 | Build | Farm |
| 11:15 | Build | Farm |
| 11:19 | Build | Farm |
| 11:47 | Create | Villager (Male) |
| 11:58 | Build | Palisade Wall |
| 12:04 | Build | Farm |
| 12:11 | Create | Villager (Male) |
| 12:24 | Build | House |
| 12:27 | Create | Villager (Male) |
| 12:48 | Create | Villager (Male) |
| 13:01 | Build | Farm |
| 13:02 | Build | Farm |
| 13:05 | Research | Horse Collar |
| 13:08 | Create | Villager (Male) |
| 13:18 | Build | Farm |
| 13:42 | Build | Farm |
| 13:43 | Build | Farm |
| 13:43 | Build | Farm |
| 13:47 | Create | Villager (Male) |
| 13:59 | Build | Farm |
| 14:05 | Create | Villager (Male) |
| 14:26 | Create | Villager (Male) |
| 14:30 | Research | Wheelbarrow |
| 14:53 | Build | Mining Camp |
| 15:34 | Build | Blacksmith |
| 15:47 | Create | Villager (Male) |
| 15:51 | Research | Town Watch |
| 15:57 | Build | House |
| 15:58 | Build | House |
| 16:06 | Build | House |
| 16:22 | Build | Market |
| 16:27 | Create | Villager (Male) |
| 17:00 | Research | Castle Age |
| 17:22 | Build | Stable |
| 17:33 | Build | Farm |
| 17:41 | Research | Gold Mining |
| 18:11 | Research | Bloodlines |
| 18:15 | Research | Scale Barding Armor |
| 18:42 | Build | House |
| 18:44 | Build | Palisade Wall |
| 18:51 | Build | Palisade Wall |
| 19:03 | Build | Farm |
| 19:07 | Build | House |
| 19:23 | Research | Forging |
| 19:46 | Create | Knight |
| 19:46 | Create | Knight |
| 19:54 | Research | Chain Barding Armor |
| 19:55 | Create | Villager (Male) |
| 20:05 | Build | Town Center |
| 20:09 | Create | Villager (Male) |
| 20:12 | Create | Villager (Male) |
| 20:23 | Create | Knight |
| 20:40 | Create | Villager (Male) |
| 20:45 | Create | Knight |
| 20:46 | Create | Knight |
| 20:46 | Create | Villager (Male) |
| 21:03 | Create | Villager (Male) |
| 21:11 | Create | Knight |
| 21:11 | Create | Knight |
| 21:23 | Create | Villager (Male) |
| 21:25 | Create | Villager (Male) |
| 21:51 | Build | Farm |
| 21:52 | Create | Villager (Male) |
| 21:56 | Research | Bow Saw |
| 22:11 | Research | Husbandry |
| 22:34 | Create | Villager (Male) |
| 22:36 | Build | Farm |
| 22:37 | Build | Farm |
| 22:38 | Build | Farm |
| 22:42 | Create | Villager (Male) |
| 23:19 | Create | Villager (Male) |
| 23:19 | Create | Villager (Male) |
| 23:19 | Create | Villager (Male) |
| 23:36 | Create | Villager (Male) |
| 23:39 | Build | Farm |
| 23:50 | Build | Town Center |
| 23:55 | Create | Villager (Male) |
| 24:09 | Build | Lumber Camp |
| 24:09 | Create | Villager (Male) |
| 24:19 | Create | Villager (Male) |
| 24:36 | Create | Villager (Male) |
| 24:37 | Create | Villager (Male) |
| 24:38 | Create | Villager (Male) |
| 24:52 | Build | Siege Workshop |
| 24:53 | Create | Villager (Male) |
| 25:06 | Create | Villager (Male) |
| 25:08 | Create | Villager (Male) |
| 25:09 | Create | Villager (Male) |
| 25:17 | Create | Villager (Male) |
| 25:19 | Build | Farm |
| 25:22 | Create | Villager (Male) |
| 25:26 | Build | Farm |
| 25:26 | Create | Villager (Male) |
| 25:43 | Research | Hand Cart |
| 25:44 | Create | Villager (Male) |
| 25:48 | Build | Farm |
| 25:54 | Build | Farm |
| 26:03 | Build | House |
| 26:07 | Build | House |
| 26:21 | Build | Monastery |
| 26:24 | Create | Villager (Male) |
| 26:26 | Create | Villager (Male) |
| 26:34 | Create | Villager (Male) |
| 26:48 | Build | Farm |
| 26:54 | Create | Villager (Male) |
| 27:10 | Create | Monk |
| 27:23 | Create | Villager (Male) |
Match timeline
| 7:59 | MovableStatue95 · first_building Barracks |
| 8:37 | TableChair123 · first_building Barracks |
| 8:45 | TableChair123 · wall_segment Palisade Wall x1 |
| 8:50 | TableChair123 · wall_segment Palisade Wall x1 |
| 8:54 | TableChair123 · wall_segment Palisade Wall x1 |
| 8:55 | TableChair123 · wall_segment Palisade Wall x1 |
| 8:56 | TableChair123 · wall_segment Palisade Wall x1 |
| 9:03 | MovableStatue95 · first_building Stable |
| 9:03 | TableChair123 · age_up feudal |
| 9:05 | TableChair123 · wall_segment Palisade Wall x1 |
| 9:06 | TableChair123 · wall_segment Palisade Wall x1 |
| 9:07 | TableChair123 · wall_segment Palisade Wall x1 |
| 9:09 | TableChair123 · wall_segment Palisade Wall x1 |
| 9:24 | MovableStatue95 · wall_segment Palisade Wall x3 |
| 9:28 | MovableStatue95 · wall_segment Palisade Wall x9 |
| 9:47 | TableChair123 · first_building Archery Range |
| 9:55 | MovableStatue95 · wall_segment Palisade Wall x10 |
| 10:14 | TableChair123 · wall_segment Palisade Wall x1 |
| 10:31 | MovableStatue95 · wall_segment Palisade Wall x18 |
| 10:58 | TableChair123 · wall_segment Palisade Wall x5 |
| 11:03 | TableChair123 · wall_segment Palisade Wall x8 |
| 11:22 | TableChair123 · wall_segment Palisade Wall x6 |
| 11:58 | MovableStatue95 · wall_segment Palisade Wall x15 |
| 14:09 | TableChair123 · wall_segment Palisade Wall x3 |
| 14:12 | TableChair123 · wall_segment Palisade Wall x1 |
| 14:46 | TableChair123 · wall_segment Palisade Wall x6 |
| 16:15 | TableChair123 · wall_segment Palisade Wall x3 |
| 18:10 | TableChair123 · wall_segment Palisade Wall x1 |
| 18:44 | MovableStatue95 · wall_segment Palisade Wall x1 |
| 18:51 | MovableStatue95 · wall_segment Palisade Wall x1 |
| 19:41 | TableChair123 · first_market_sell 100 food |
| 22:22 | TableChair123 · age_up castle |
| 23:43 | MovableStatue95 · first_market_buy 100 wood |
| 24:52 | MovableStatue95 · first_building Siege Workshop |
| 25:49 | TableChair123 · wall_segment Palisade Wall x1 |
| 25:51 | TableChair123 · wall_segment Palisade Wall x1 |
| 26:21 | MovableStatue95 · first_building Monastery |
| 27:28 | TableChair123 · first_building Monastery |
| 28:38 | TableChair123 · wall_segment Palisade Wall x1 |
| 28:49 | TableChair123 · wall_segment Palisade Wall x1 |
| 31:12 | TableChair123 · first_building Siege Workshop |
| 31:20 | MovableStatue95 · first_building Castle |
| 31:32 | MovableStatue95 · first_building Archery Range |
| 33:11 | TableChair123 · first_building Castle |
| 37:36 | MovableStatue95 · first_market_sell 100 food |
| 37:53 | TableChair123 · resign |
[ AI ANALYSIS · 1 CREDIT ]
What really happened in this match?
Wolo.gg analyzes every decision: build order, eco, micro, common mistakes by bracket. Personalized analysis on WhatsApp or Discord in 30 seconds.
Civ guide
Vietnamese
Map guide
Arabia
Perfil
TableChair123